3R
SANTA FE REVOLVERS @ SHERIDAN DEER
08/20/2034
 
TOP OF THE 1ST
Santa Fe Revolvers batting - Pitching for Sheridan Deer : RHP Lautaro Venegas
Pitching: RHP Lautaro Venegas
Batting: RHB Vesa Karpinen 0-0: Called Strike
0-1: Ball
1-1: Ball
2-1: Ball
3-1: Base on Balls
Batting: LHB Carroll Stevens 0-0: Ball
1-0: Ball
2-0: Ball
3-0: Base on Balls
Vesa Karpinen to second
Batting: LHB Sean Cox 0-0: Called Strike
0-1: Ball
1-1: Foul Ball, location: 2F
1-2: Strikes out swinging
Batting: RHB Eric Landry 0-0: Foul Ball, location: 2F
0-1: Ball
1-1: SINGLE (Flyball, 9LM)
Vesa Karpinen to third
Carroll Stevens to second
Runner from 3rd tries for Home, SAFE, no throw
Batting: LHB Robert Fouquet 0-0: Called Strike
0-1: Swinging Strike
0-2: Ball
1-2: Grounds into double play, 4-6-3 (Groundball, 4)
Top of the 1st over - 1 run, 1 hit, 0 errors, 1 left on base; Santa Fe 1 - Sheridan 0
BOTTOM OF THE 1ST
Sheridan Deer batting - Pitching for Santa Fe Revolvers : RHP Juan Ayala
Pitching: RHP Juan Ayala
Batting: LHB Tillmam Cru 0-0: Called Strike
0-1: Foul Ball, location: 2F
0-2: SINGLE (Line Drive, 9S)
Batting: RHB Wilbur Thomas 0-0: Called Strike
0-1: Ball
1-1: Fly out, F6 (Line Drive, 6)
Batting: LHB Allen Wrench 0-0: Swinging Strike
Tillmam Cru steals 2nd base
0-1: Ball
1-1: Swinging Strike
1-2: Strikes out looking
Batting: RHB Stock Tonports 0-0: Foul Ball, location: 2F
0-1: Ball
1-1: Ball
2-1: Ball
3-1: Called Strike
3-2: Fly out, F9 (Flyball, 9S)
Bottom of the 1st over - 0 runs, 1 hit, 0 errors, 1 left on base; Santa Fe 1 - Sheridan 0
TOP OF THE 2ND
Santa Fe Revolvers batting - Pitching for Sheridan Deer : RHP Lautaro Venegas
Batting: RHB Sean Wallace 0-0: Ball
1-0: Called Strike
1-1: Foul Ball, location: 2F
1-2: Ball
2-2: Foul Ball, location: 2F
2-2: Foul Ball, location: 2F
2-2: Ball
3-2: Fly out, F6 (Line Drive, 6M)
Batting: SHB Javier Silva 0-0: Ball
1-0: Fly out, F9 (Line Drive, 89M)
Batting: RHB Nick Harper 0-0: Ball
1-0: Ground out U3 (Groundball, 34S)
Top of the 2nd over - 0 runs, 0 hits, 0 errors, 0 left on base; Santa Fe 1 - Sheridan 0
BOTTOM OF THE 2ND
Sheridan Deer batting - Pitching for Santa Fe Revolvers : RHP Juan Ayala
Batting: RHB Corey Ollerton 0-0: Ball
1-0: Ball
2-0: SINGLE (Flyball, 89M)
Batting: RHB Roberto Guerrero 0-0: SINGLE (Line Drive, 8LS)
Corey Ollerton to second
Batting: LHB Arnie Ford 0-0: Swinging Strike
0-1: Called Strike
0-2: Ball
1-2: Strikes out swinging
Batting: LHB Michael Nelson 0-0: Ball
1-0: Called Strike
1-1: Called Strike
1-2: Ball
2-2: Ball
3-2: Foul Ball, location: 2F
3-2: Strikes out swinging
Batting: RHB Kunimatsu Furukawa 0-0: Ball
1-0: Called Strike
1-1: Ball
2-1: Ball
3-1: Fly out, F2 (Popup, 23F)
Bottom of the 2nd over - 0 runs, 2 hits, 0 errors, 2 left on base; Santa Fe 1 - Sheridan 0
TOP OF THE 3RD
Santa Fe Revolvers batting - Pitching for Sheridan Deer : RHP Lautaro Venegas
Batting: RHB Gerold Kent 0-0: Called Strike
0-1: Foul Ball, location: 2F
0-2: Ball
1-2: Ball
2-2: Strikes out looking
Batting: RHB Vesa Karpinen 0-0: Called Strike
0-1: Foul Ball, location: 2F
0-2: Ball
1-2: Foul Ball, location: 2F
1-2: Foul Ball, location: 2F
1-2: Foul Ball, location: 2F
1-2: SINGLE (Groundball, 6MD)
Batting: LHB Carroll Stevens 0-0: Fly out, F2 (Popup, 25F)
Batting: LHB Sean Cox 0-0: Called Strike
0-1: Ball
1-1: Ball
2-1: Ball
3-1: Foul Ball, location: 2F
3-2: Ground out 3-1 (Groundball, 34S)
Top of the 3rd over - 0 runs, 1 hit, 0 errors, 1 left on base; Santa Fe 1 - Sheridan 0
BOTTOM OF THE 3RD
Sheridan Deer batting - Pitching for Santa Fe Revolvers : RHP Juan Ayala
Batting: LHB Tillmam Cru 0-0: Ground out 1-3 (Groundball, 15)
Batting: RHB Wilbur Thomas 0-0: Called Strike
0-1: Hit by Pitch
Batting: LHB Allen Wrench 0-0: Ball
1-0: Called Strike
1-1: Swinging Strike
Passed Ball!
Wilbur Thomas to second
1-2: Fly out, F4 (Line Drive, 4)
Batting: RHB Stock Tonports 0-0: Called Strike
0-1: Foul Ball, location: 2F
0-2: Ball
1-2: Foul Ball, location: 2F
1-2: Ball
2-2: 2-RUN HOME RUN (Flyball, 89XD), Distance : 433 ft
Batting: RHB Corey Ollerton 0-0: Called Strike
0-1: SINGLE (Groundball, 56D)
Batting: RHB Roberto Guerrero 0-0: Swinging Strike
0-1: Ball
Wild Pitch!
Corey Ollerton to second
1-1: Ball
2-1: Swinging Strike
2-2: DOUBLE (Line Drive, 8LD)
Corey Ollerton scores
Batting: LHB Arnie Ford 0-0: Ball
1-0: Foul Ball, location: 2F
1-1: Ball
2-1: Ground out 4-3 (Groundball, 4)
Bottom of the 3rd over - 3 runs, 3 hits, 0 errors, 1 left on base; Santa Fe 1 - Sheridan 3
TOP OF THE 4TH
Santa Fe Revolvers batting - Pitching for Sheridan Deer : RHP Lautaro Venegas
Batting: RHB Eric Landry 0-0: Called Strike
0-1: Ball
1-1: Ball
2-1: Called Strike
2-2: Ball
3-2: Foul Ball, location: 2F
3-2: Strikes out swinging, 2-3 out at first.
Batting: LHB Robert Fouquet 0-0: Ball
1-0: Ball
2-0: Called Strike
2-1: Foul Ball, location: 2F
2-2: Foul Ball, location: 2F
2-2: Fly out, F9 (Flyball, 9)
Batting: RHB Sean Wallace 0-0: Called Strike
0-1: Ball
1-1: Ground out 5-3 (Groundball, 56S)
Top of the 4th over - 0 runs, 0 hits, 0 errors, 0 left on base; Santa Fe 1 - Sheridan 3
BOTTOM OF THE 4TH
Sheridan Deer batting - Pitching for Santa Fe Revolvers : RHP Juan Ayala
Batting: LHB Michael Nelson 0-0: Foul Ball, location: 2F
0-1: Ball
1-1: Swinging Strike
1-2: Strikes out swinging
Batting: RHB Kunimatsu Furukawa 0-0: Called Strike
0-1: Ball
1-1: Fly out, F9 (Flyball, 9LSF)
Batting: LHB Tillmam Cru 0-0: Ball
1-0: Foul Ball, location: 2F
1-1: Swinging Strike
1-2: Ground out U3 (Groundball, 3L)
Bottom of the 4th over - 0 runs, 0 hits, 0 errors, 0 left on base; Santa Fe 1 - Sheridan 3
TOP OF THE 5TH
Santa Fe Revolvers batting - Pitching for Sheridan Deer : RHP Lautaro Venegas
Batting: SHB Javier Silva 0-0: Ball
1-0: Called Strike
1-1: Ball
2-1: Ball
3-1: Ground out U3 (Groundball, 3)
Batting: RHB Nick Harper 0-0: Ball
1-0: Ball
2-0: Ball
3-0: Called Strike
3-1: Base on Balls
Pitching: RHP Ena Tuuta
Batting: RHB Gerold Kent 0-0: Called Strike
0-1: Ball
1-1: Swinging Strike
1-2: Foul Ball, location: 2F
1-2: Foul Ball, location: 2F
1-2: Ball
2-2: Strikes out swinging
Batting: RHB Vesa Karpinen 0-0: Called Strike
0-1: Fly out, F5 (Line Drive, 5S)
Top of the 5th over - 0 runs, 0 hits, 0 errors, 1 left on base; Santa Fe 1 - Sheridan 3
BOTTOM OF THE 5TH
Sheridan Deer batting - Pitching for Santa Fe Revolvers : RHP Juan Ayala
Batting: RHB Wilbur Thomas 0-0: Ball
1-0: Foul Ball, location: 2F
1-1: Foul Ball, location: 2F
1-2: Ball
2-2: Foul Ball, location: 2F
2-2: Strikes out swinging
Batting: LHB Allen Wrench 0-0: Ball
1-0: Fly out, F8 (Flyball, 8RD)
Batting: RHB Stock Tonports 0-0: Called Strike
0-1: Foul Ball, location: 2F
0-2: Ball
1-2: Ball
2-2: Fly out, F9 (Flyball, 9D)
Bottom of the 5th over - 0 runs, 0 hits, 0 errors, 0 left on base; Santa Fe 1 - Sheridan 3
TOP OF THE 6TH
Santa Fe Revolvers batting - Pitching for Sheridan Deer : RHP Ena Tuuta
Batting: LHB Carroll Stevens 0-0: Called Strike
0-1: Foul Ball, location: 2F
0-2: Ball
1-2: Foul Ball, location: 2F
1-2: Ball
2-2: Ball
3-2: Base on Balls
Batting: LHB Sean Cox 0-0: Ball
1-0: Ball
2-0: Fly out, F7 (Flyball, 78S)
Batting: RHB Eric Landry 0-0: Called Strike
0-1: Foul Ball, location: 2F
0-2: Ball
1-2: Grounds into double play, 6-4-3 (Groundball, 6)
Top of the 6th over - 0 runs, 0 hits, 0 errors, 0 left on base; Santa Fe 1 - Sheridan 3
BOTTOM OF THE 6TH
Sheridan Deer batting - Pitching for Santa Fe Revolvers : RHP Juan Ayala
Batting: RHB Corey Ollerton 0-0: Ball
1-0: Called Strike
1-1: Ball
2-1: Ball
3-1: SINGLE (Line Drive, 34)
Batting: RHB Roberto Guerrero 0-0: Ball
1-0: Ball
2-0: Called Strike
2-1: Called Strike
2-2: Ball
3-2: Strikes out swinging
Batting: LHB Arnie Ford 0-0: SINGLE (Line Drive, 9S)
Corey Ollerton to second
Batting: LHB Michael Nelson 0-0: Called Strike
0-1: Fly out, F9 (Flyball, 89S)
Batting: RHB Kunimatsu Furukawa 0-0: Ball
1-0: Foul Ball, location: 2F
1-1: Foul Ball, location: 2F
1-2: Foul Ball, location: 2F
1-2: Ball
2-2: Ball
3-2: 3-RUN HOME RUN (Flyball, 9D), Distance : 381 ft
Pitching: RHP Iban Bogers
Batting: LHB Tillmam Cru 0-0: Foul Ball, location: 2F
0-1: Ball
1-1: Swinging Strike
1-2: Ball
2-2: Ground out U3 (Groundball, 34S)
Bottom of the 6th over - 3 runs, 3 hits, 0 errors, 0 left on base; Santa Fe 1 - Sheridan 6
TOP OF THE 7TH
Santa Fe Revolvers batting - Pitching for Sheridan Deer : RHP Ena Tuuta
Batting: LHB Robert Fouquet 0-0: Foul Ball, location: 2F
0-1: Hit by Pitch
Batting: RHB Sean Wallace 0-0: Foul Ball, location: 2F
0-1: Ball
1-1: Fly out, F8 (Flyball, 8LM)
Batting: SHB Javier Silva 0-0: Ball
1-0: Foul Ball, location: 2F
1-1: Foul Ball, location: 2F
1-2: Strikes out swinging
Batting: RHB Nick Harper 0-0: Ball
1-0: Called Strike
1-1: Ball
2-1: Called Strike
2-2: Ball
3-2: Strikes out swinging
Top of the 7th over - 0 runs, 0 hits, 0 errors, 1 left on base; Santa Fe 1 - Sheridan 6
BOTTOM OF THE 7TH
Sheridan Deer batting - Pitching for Santa Fe Revolvers : RHP Iban Bogers
Batting: RHB Wilbur Thomas 0-0: Ball
1-0: Ball
2-0: Ball
3-0: Called Strike
3-1: Swinging Strike
3-2: Foul Ball, location: 2F
3-2: Fly out, F3 (Popup, 23F)
Batting: LHB Allen Wrench 0-0: Called Strike
0-1: Ball
1-1: Swinging Strike
1-2: Foul Ball, location: 2F
1-2: Foul Ball, location: 2F
1-2: Ball
2-2: Ground out U3 (Groundball, 34)
Batting: RHB Stock Tonports 0-0: Ball
1-0: Called Strike
1-1: Ball
2-1: Ball
3-1: Foul Ball, location: 2F
3-2: Strikes out swinging
Bottom of the 7th over - 0 runs, 0 hits, 0 errors, 0 left on base; Santa Fe 1 - Sheridan 6
TOP OF THE 8TH
Santa Fe Revolvers batting - Pitching for Sheridan Deer : RHP Ena Tuuta
Now at C: Shao Qigang
Batting: RHB Gerold Kent 0-0: Ball
1-0: Foul Ball, location: 2F
1-1: Called Strike
1-2: Ground out 6-3 (Groundball, 6)
Batting: RHB Vesa Karpinen 0-0: Ball
1-0: Ball
2-0: Fly out, F1 (Line Drive, 13S)
Batting: LHB Carroll Stevens 0-0: Swinging Strike
0-1: Foul Ball, location: 2F
0-2: Ball
1-2: Ball
2-2: Ball
3-2: Ground out 6-3 (Groundball, 6M)
Top of the 8th over - 0 runs, 0 hits, 0 errors, 0 left on base; Santa Fe 1 - Sheridan 6
BOTTOM OF THE 8TH
Sheridan Deer batting - Pitching for Santa Fe Revolvers : RHP Iban Bogers
Batting: RHB Shao Qigang 0-0: Foul Ball, location: 2F
0-1: Ball
1-1: Swinging Strike
1-2: Ball
2-2: Fly out, F4 (Line Drive, 4)
Batting: RHB Roberto Guerrero 0-0: Ball
1-0: Ground out 6-3 (Groundball, 6)
Batting: LHB Arnie Ford 0-0: Foul Ball, location: 2F
0-1: Ball
1-1: Ground out 4-3 (Groundball, 4M)
Bottom of the 8th over - 0 runs, 0 hits, 0 errors, 0 left on base; Santa Fe 1 - Sheridan 6
TOP OF THE 9TH
Santa Fe Revolvers batting - Pitching for Sheridan Deer : RHP Ena Tuuta
Batting: LHB Sean Cox 0-0: Foul Ball, location: 2F
0-1: Foul Ball, location: 2F
0-2: Strikes out swinging
Batting: RHB Eric Landry 0-0: Called Strike
0-1: Ball
1-1: Called Strike
1-2: Ball
2-2: Ball
3-2: Strikes out swinging, 2-3 out at first.
Batting: LHB Robert Fouquet 0-0: Fly out, F6 (Line Drive, 6)
Top of the 9th over - 0 runs, 0 hits, 0 errors, 0 left on base; Santa Fe 1 - Sheridan 6
Friday, March 29th, 2019 - OOTP Baseball 18.8 Build 76